 Dungeon Crawl Stone Soup version 0.29-a0-553-g81b289dbe5 (webtiles) character file.

Game seed: 3500982117014079702

4 shadowstone the Skirmisher (level 1, -2/14 HPs)
             Began as a Gargoyle Abyssal Knight on June 6, 2022.
             Was a Believer of Lugonu.
             Slain by a ball python (3 damage)
             ... on level 1 of the Dungeon.
             The game lasted 00:01:14 (207 turns).

shadowstone the Skirmisher (Gargoyle Abyssal Knight) Turns: 207, Time: 00:01:15

Health: -2/14      AC:  5    Str: 16    XL:     1   Next: 60%
Magic:  2/2        EV:  8    Int: 10    God:    Lugonu [**....]
Gold:   39         SH:  0    Dex: 10    Spells: 0/0 levels left

rFire   . . .      SeeInvis .   a - +1 short sword
rCold   . . .      Faith    .   (no shield)
rNeg    + . .      Spirit   .   b - +0 leather armour
rPois   ∞          Reflect  .   (no helmet)
rElec   +          Harm     .   (no cloak)
rCorr   .          Rampage  .   (no gloves)
Will    .....                   (no boots)
Stlth   +.........              (no amulet)
HPRegen 0.04/turn               (no ring)
MPRegen 0.08/turn               (no ring)

@: constricted
A: sickness immunity, AC +2, negative energy resistance 1, electricity
resistance, torment resistance 1, petrification resistance
a: Renounce Religion, Depart the Abyss, Bend Space


You were on level 1 of the Dungeon.
You worshipped Lugonu.
Lugonu was pleased with you.
You visited 1 branch of the dungeon, and saw 1 of its levels.
You visited the Abyss 1 time.

You collected 39 gold pieces.

Inventory:

Hand Weapons
 a - a +1 short sword (weapon)
Missiles
 d - 4 poisoned darts
Armour
 b - a +0 leather armour (worn)
Scrolls
 e - a scroll of fear {unknown}
Potions
 c - 2 potions of lignification {unknown}


   Skills:
 + Level 3.4 Fighting
 + Level 1.9 Short Blades
 + Level 2.1 Armour
 + Level 0.7 Dodging
 + Level 2.1 Invocations


You couldn't memorise any spells.
You didn't know any spells.
Your spell library was empty.

Dungeon Overview and Level Annotations

Branches:
Dungeon (1/15)

Altars:


Innate Abilities, Weirdness & Mutations

You are immune to sickness and miasma.
Your stone body is resilient. (AC +2)
You are immune to poison.
You resist negative energy. (rN+)
You are resistant to electric shocks. (rElec)
You are resistant to unholy torment.
You are immune to petrification.


Message History

The ball python bites you but does no damage. x2
The ball python constricts you.
You escape the ball python's grasp.
The kobold attacks as you move away! The kobold hits you but does no damage.
The ball python bites you. The ball python grabs you.
The ball python constricts you.
The ball python bites you but does no damage.
The ball python constricts you.
The ball python's grasp on you weakens, but your attempt to escape fails.
The ball python barely misses you.
The ball python bites you but does no damage.
The ball python constricts you. The ball python closely misses you.
The kobold hits you but does no damage.
You escape the ball python's grasp.
The ball python attacks as you move away!
The ball python bites you.
* * * LOW HITPOINT WARNING * * *
The kobold attacks as you move away! The kobold barely misses you.
The goblin closely misses you.
The ball python bites you but does no damage.
The ball python barely misses you. The ball python barely misses you.
The ball python closely misses you.
The kobold hits you with a +0 short sword.
* * * LOW HITPOINT WARNING * * *
Unknown command.
The ball python attacks as you move away!
The ball python bites you but does no damage.
The kobold hits you but does no damage.
Unknown command.
The kobold attacks as you move away! The kobold barely misses you.
The ball python attacks as you move away!
The ball python bites you but does no damage.
The ball python barely misses you.
Unknown command.
You hit the ball python.
The ball python is moderately wounded.
The ball python barely misses you. The ball python grabs you.
The ball python constricts you.
The ball python bites you but does no damage.
The ball python bites you.
You die...

#.#.# #.#
#.#.##########.##
#.#..........†..#
#.#....#######..#+######
#.#.##.# #.............
..#.##.# #.........#..
.##.##.. +.....g...#
.##.#######....KSS..#
.##.# #.......@...#
.##.# #.#.........# .#
#.............# .#
############### .# .#
.##.# ....# ########


You could see a goblin, 2 ball pythons and a kobold.

Vanquished Creatures
  2 ball pythons (D:1)
  2 kobolds (D:1)
4 creatures vanquished.

Vanquished Creatures (others)
  A plant (D:1)
1 creature vanquished.

Grand Total: 5 creatures vanquished

Notes
Turn   | Place    | Note
-------+----------+-------------------------------------------
     0 | Abyss:1  | shadowstone the Gargoyle Abyssal Knight began the quest for
                  | the Orb.
     0 | Abyss:1  | Reached XP level 1. HP: 14/14 MP: 2/2
    18 | D:1      | Escaped the Abyss
   207 | D:1      | Slain by a ball python

Illustrated notes

Levels and vault maps discovered:
D:1:      denvon_arrival_planthouse, layout_basic, nrook_uturn

Action                   || total
-------------------------++-------
Melee: Short sword       ||    13
Armor: Leather armour    ||    16
Dodge: Dodged            ||    32

Table legend: (Time is in decaauts)
 A = Elapsed time spent in this place.
 B = Non-inter-level travel time spent in this place.
 C = Inter-level travel time spent in this place.
 D = Time resting spent in this place.
 E = Time spent auto-exploring this place.
 F = Levels seen in this place.
 G = Mean time per level.
                   A        B        C        D        E       F      G
               +--------+--------+--------+--------+--------+-----+--------+
         Total |    206 |    206 |      0 |      0 |      0 |   2 |  103.0 |
       Dungeon |    188 |    188 |      0 |      0 |      0 |   1 |  188.0 |
         Abyss |     18 |     18 |      0 |      0 |      0 |   1 |   18.0 |
               +--------+--------+--------+--------+--------+-----+--------+

Top non-repeatable levels by time:
     D:1: 188 daAuts
 Abyss:1: 18 daAuts
